 Dungeon Crawl Stone Soup version 0.20-a0-386-g2d247ea (webtiles) character file.

571 omnomnOMINOUS the Martial Artist (level 7, -11/46 HPs)
             Began as an Octopode Monk on Dec 29, 2016.
             Mangled by an ogre
             ... wielding a +0 giant club
              (23 damage)
             ... on level 4 of the Dungeon.
             The game lasted 00:11:13 (4894 turns).

omnomnOMINOUS the Martial Artist (Octopode Monk)    Turns: 4894, Time: 00:11:14

Health: -11/46     AC:  1    Str: 10    XL:     7   Next: 34%
Magic:  7/7        EV: 14    Int: 15    God:
Gold:   294        SH:  0    Dex: 14    Spells: 6/6 levels left

rFire  . . .     SeeInvis .       - Unarmed
rCold  . . .     Gourm    .     (no shield)
rNeg   . . .     Faith    .     (helmet restricted)
rPois  .         Spirit   .     (no amulet)
rElec  .         Reflect  .     (no ring)
rCorr  .         Harm     .     (no ring)
MR     .....                    (no ring)
Stlth  +++.......               (no ring)
                                (no ring)
                                (no ring)
                                (no ring)
                                (no ring)

@: no status effects
A: almost no armour, stealthy swim, amphibious, 8 rings, constrict 8, camouflage
1, gelatinous body 1
a: no special abilities


You were on level 4 of the Dungeon.
You were hungry.

You visited 1 branch of the dungeon, and saw 5 of its levels.

You collected 294 gold pieces.

Inventory:

Hand Weapons
 b - a +2 dagger of venom
Missiles
 o - 55 arrows
 s - 9 stones (quivered)
Jewellery
 l - an uncursed amulet of harm
Wands
 x - a wand of flame (14/48)
Scrolls
 d - 3 scrolls of magic mapping {unknown}
 f - a scroll of recharging {unknown}
 g - 3 scrolls of amnesia {unknown}
 h - 2 scrolls of remove curse {unknown}
 i - 3 scrolls of teleportation {unknown}
 j - 6 scrolls of identify {unknown}
 m - a scroll of noise {unknown}
 r - a scroll of fog {unknown}
 v - 2 scrolls of blinking {unknown}
Potions
 e - 2 potions of heal wounds
 k - a potion of degeneration {unknown}
 p - a potion of agility {unknown}
 q - 2 potions of ambrosia {unknown}
 t - a potion of mutation {unknown}
 u - a potion of magic {unknown}
 w - a potion of flight {unknown}
 z - a potion of curing {unknown}
Comestibles
 a - a bread ration
 c - 3 meat rations
 n - 2 royal jellies
 A - a slice of pizza
 B - a beef jerky
 C - 2 chunks of flesh


   Skills:
 + Level 3.1 Fighting
 + Level 3.1 Dodging
 - Level 2.6 Stealth
 * Level 8.1 Unarmed Combat


You had 6 spell levels left.
You didn't know any spells.

Dungeon Overview and Level Annotations

Branches:
Dungeon (5/15)
 Temple: D:4-7

Altars:
Nemelex Xobeh
Uskayaw
Yredelemnul

Shops:
D:4 (


Innate Abilities, Weirdness & Mutations

You cannot wear most types of armour.
You are very stealthy in the water. (Stealth+)
You are amphibious.
You can wear up to eight rings at the same time.
You can use your tentacles to constrict eight enemies at once.
Your skin changes colour to match your surroundings (Stealth+).
Your rubbery body absorbs attacks. (AC +1, EV +1)


Message History

The ogre is moderately wounded.
The ogre barely misses you.
You tentacle-slap the ogre.
The ogre is heavily wounded.
You barely miss the ogre.
The ogre is heavily wounded.
The ogre hits you with a giant club!!
Ouch! That really hurt!
* * * LOW HITPOINT WARNING * * *
You tentacle-slap the ogre.
The ogre is severely wounded.
The ogre misses you.
You closely miss the ogre.
The ogre is severely wounded.
You are feeling hungry.
You tentacle-slap the ogre but do no damage.
The ogre is severely wounded.
The ogre hits you with a giant club!!
Ouch! That really hurt!
You die...

#.# #.# #.##.# ##.# #####.###
#.###.##.# #.# #.......#
#........# #.# #.###.#.#
#####.#### ##'# #.# #.#)# #.#
##... #.# #.#.### #.### ##..<.
.#.# #.....# #.#.## ##..[..
(..###...#.########....####......
.............>.O@.........'......
...###....#.########...####......
.#........##.# #..## ##..... ####
##...#.## #.## ##.... ##.#.##
#.## ##... #.### #..# ##'# #.#
##.# #.# #.# #.# ####.# #.# #.#
#.....


You could see an ogre.

Vanquished Creatures
  A hound (D:3)
  A jelly (D:5)
  Crazy Yiuf (D:2)
  An orc priest (D:3)
  A centaur skeleton (D:4)
  4 orc wizards
  2 worker ants
  A hound zombie (D:5)
  A hound skeleton (D:4)
  4 gnolls (D:3)
  7 adders
  A shadow imp (D:5)
  An ooze (D:1)
  An adder skeleton (D:4)
  2 worms
  2 dart slugs
  2 leopard geckos
  15 orcs
  8 giant cockroaches
  13 goblins
  7 hobgoblins
  2 jackals (D:3)
  3 quokkas
  4 ball pythons
  8 bats
  2 frilled lizards
  2 jackal skeletons
  9 kobolds
  A quokka zombie (D:5)
  15 rats
122 creatures vanquished.

Notes
Turn   | Place    | Note
-------+----------+-------------------------------------------
     0 | D:1      | omnomnOMINOUS the Octopode Monk began the quest for the Orb.
     0 | D:1      | Reached XP level 1. HP: 16/16 MP: 1/1
    80 | D:1      | Reached XP level 2. HP: 18/21 MP: 2/2
   154 | D:1      | Reached skill level 4 in Unarmed Combat
   191 | D:1      | Reached XP level 3. HP: 24/26 MP: 3/3
  1202 | D:2      | Reached XP level 4. HP: 30/31 MP: 4/4
  1309 | D:2      | Found a sparkling altar of Nemelex Xobeh.
  1443 | D:2      | Found a runed door.
  1447 | D:2      | Noticed Crazy Yiuf
  1454 | D:2      | Killed Crazy Yiuf
  1454 | D:2      | Reached skill level 5 in Unarmed Combat
  1785 | D:2      | Reached XP level 5. HP: 31/36 MP: 5/5
  2429 | D:3      | Reached skill level 6 in Unarmed Combat
  2431 | D:3      | Found a hide-covered altar of Uskayaw.
  3140 | D:3      | Found a basalt altar of Yredelemnul.
  3179 | D:3      | Reached XP level 6. HP: 33/42 MP: 6/6
  3421 | D:4      | Reached skill level 7 in Unarmed Combat
  3500 | D:4      | Noticed a phantom
  3911 | D:4      | Reached XP level 7. HP: 34/46 MP: 7/7
  4115 | D:4      | Found Cucva's Weapon Boutique.
  4374 | D:5      | Entered Level 5 of the Dungeon
  4562 | D:5      | Reached skill level 8 in Unarmed Combat
  4894 | D:4      | Mangled by an ogre

Vault maps used:
D:1:      onia_arrival_larder, minmay_rat_gold_closets
D:2:      lemuel_crystal_altar, lemuel_another_geyser, uniq_crazy_yiuf_cottage
D:3:      eat_drink_and_be_merry_uskayaw, yredelemnul_altar_generic
D:4:      serial_shops, nicolae_shop_stone, okawaru_altar_gauntlet_db
D:5:      lemuel_crystal_altar, first_bread, serial_bayou_pond_c

Skill      XL: |  1  2  3  4  5  6  7 |
---------------+----------------------+-----
Unarmed Combat | 4 5 6 7 8 |  8.1
Fighting       | |  3.1
Dodging        | |  3.1
Stealth        | |  2.6

Action                   |  1- 3 |  4- 6 |  7- 9 || total
-------------------------+-------+-------+-------++-------
Melee: Unarmed           |    68 |   160 |    41 ||   269
       Tentacles         |    11 |    35 |     8 ||    54
       Constrict         |    18 |    45 |    10 ||    73
       Punch             |       |     6 |     3 ||     9
Throw: Stone             |       |       |     6 ||     6
Evoke: Wand              |       |       |     6 ||     6
  Use: Potion            |       |     1 |       ||     1
 Stab: Sleeping          |    15 |     8 |     2 ||    25
       Distracted        |       |     1 |     1 ||     2
  Eat: Chunk             |     1 |     8 |     3 ||    12
Armor: Skin              |     4 |     7 |     1 ||    12
Dodge: Dodged            |    31 |    99 |    19 ||   149
